 Dungeon Crawl Stone Soup version 0.29.1-1-gd02db6906a (webtiles) character file.

Game seed: 1929702346142659701

163 LustLizard the Sneak (level 5, 0/26 HPs)
             Began as a Spriggan Arcane Marksman on Sept 24, 2022.
             Slain by a kobold brigand
             ... wielding a +0 dagger
              (3 damage)
             ... in a sewer.
             The game lasted 00:05:28 (1927 turns).

LustLizard the Sneak (Spriggan Arcane Marksman)     Turns: 1927, Time: 00:05:29

Health: 0/26       AC:  2    Str:  6    XL:     5   Next: 20%
Magic:  8/8        EV: 17    Int: 15    God:
Gold:   24         SH:  0    Dex: 17    Spells: 5/6 levels left

rFire   . . .      SeeInvis +   a - +1 sling
rCold   . . .      Faith    .   (no shield)
rNeg    . . .      Spirit   .   c - +0 robe
rPois   .          Reflect  .   (helmet restricted)
rElec   .          Harm     .   (no cloak)
rCorr   .          Rampage  .   (gloves unavailable)
Will    .....                   (boots unavailable)
Stlth   +++.......              (no amulet)
HPRegen 0.08/turn               (no ring)
MPRegen 0.11/turn               (no ring)

@: very quick
A: very small, no large weapons, unfitting armour, see invisible, speed 3
a: no special abilities


You were in a sewer.
You visited 1 branch of the dungeon, and saw 4 of its levels.
You also visited: Sewer.

You collected 149 gold pieces.
You spent 125 gold pieces at shops.

Inventory:

Hand Weapons
 a - a +1 sling (weapon)
Armour
 c - a +0 robe (worn)
Wands
 l - a wand of digging (5)
Scrolls
 b - a scroll of poison
 e - a scroll of blinking
 g - a scroll of teleportation
 i - a scroll of identify
Potions
 d - a potion of brilliance
 f - a potion of degeneration
 h - 2 potions of flight {unknown}
 j - a potion of lignification {unknown}
 k - 2 potions of mutation {unknown}


   Skills:
 + Level 1.8 Fighting
 * Level 3.6 Ranged Weapons
 - Level 2.6 Dodging
 * Level 4.6 Stealth
 - Level 1.3 Spellcasting
 - Level 4.0 Hexes


You had 5 spell levels left.
You knew the following spells:

 Your Spells              Type           Power      Damage    Failure   Level
a - Slow                  Hex            52%        N/A       4%          1

Your spell library contained the following spells:

 Spells                   Type           Power      Damage    Failure   Level
 Inner Flame              Hex/Fire       7%         N/A       30%         3
 Portal Projectile        Hex/Tloc       14%        N/A       30%         3
 Cause Fear               Hex            6%         N/A       41%         4


Dungeon Overview and Level Annotations

Branches:
Dungeon (4/15)              Sewer (1/1)
 Temple: D:4-7

Altars:
Vehumet

Shops:
D:1 ??(?*


Innate Abilities, Weirdness & Mutations

You are very small and have problems with some larger weapons.
You are too small for most types of armour.
You have supernaturally acute eyesight. (SInv)
You cover ground extremely quickly. (Speed+++)


Message History

The sling bullet hits the kobold brigand.
The kobold brigand is moderately wounded.
The kobold brigand hits you with a +0 dagger.
You shoot a sling bullet.
The sling bullet hits the kobold brigand.
The kobold brigand is heavily wounded.
The kobold brigand closely misses you.
You shoot a sling bullet.
The sling bullet closely misses the kobold brigand.
The kobold brigand completely misses you.
The kobold brigand closely misses you.
You shoot a sling bullet.
The sling bullet closely misses the kobold brigand.
The kobold brigand hits you with a +0 dagger.
You shoot a sling bullet.
The sling bullet closely misses the kobold brigand.
The kobold brigand hits you with a +0 dagger.
You are too injured to fight recklessly!
Fire: a) +1 sling
Press: ? - help, Q - select action, (/) - cycle Shift-Dir - straight line, f/p - kobold brigand
Aim: a kobold brigand, wielding a +0 dagger and quivering poisoned darts (heavily wounded, 51% to hit)
You shoot a sling bullet.
The sling bullet hits the kobold brigand.
The kobold brigand is heavily wounded.
The kobold brigand barely misses you.
Fire: a) +1 sling
Press: ? - help, Q - select action, (/) - cycle Shift-Dir - straight line, f/p - kobold brigand
Aim: a kobold brigand, wielding a +0 dagger and quivering poisoned darts (heavily wounded, 51% to hit)
You shoot a sling bullet.
The sling bullet barely misses the kobold brigand.
The kobold brigand completely misses you.
The kobold brigand hits you with a +0 dagger.
* * * LOW HITPOINT WARNING * * *
Fire: a) +1 sling
Press: ? - help, Q - select action, (/) - cycle Shift-Dir - straight line, f/p - kobold brigand
Aim: a kobold brigand, wielding a +0 dagger and quivering poisoned darts (heavily wounded, 51% to hit)
You shoot a sling bullet.
The sling bullet closely misses the kobold brigand.
The kobold brigand hits you with a +0 dagger.
You die...

##P....~~~~~≈
#...P.~~~#~≈
##....P~P#~≈
#......~#
#......~#
#.......#
##..P~.~#
#...~~~#
###.@~~#
##K'## .!..#
#?...# #?.∩.#
#.)!.# ######


You could see a kobold brigand.

Vanquished Creatures
  A scorpion (D:4)
  An iguana (D:4)
  An adder (D:2)
  2 dart slugs
  2 orcs (D:3)
  5 ball pythons
  6 endoplasms
  3 giant cockroaches (D:3)
  2 goblins
  10 hobgoblins
  2 jackals (D:1)
  3 quokkas (D:3)
  3 bats
  5 frilled lizards
  7 kobolds
  2 rats
55 creatures vanquished.

Notes
Turn   | Place    | Note
-------+----------+-------------------------------------------
     0 | D:1      | LustLizard the Spriggan Arcane Marksman began the quest for
                  | the Orb.
     0 | D:1      | Reached XP level 1. HP: 9/9 MP: 3/3
   114 | D:1      | Found Laup's General Store.
   196 | D:1      | Reached skill level 1 in Stealth
   325 | D:1      | Reached XP level 2. HP: 14/14 MP: 5/5
   339 | D:1      | Found Atyli's Antique Weapon Emporium.
   341 | D:1      | Found Qata's Magic Scroll Shop.
   374 | D:1      | Bought a scroll of identify for 20 gold pieces
   526 | D:1      | Found Xulano's Magic Scroll Emporium.
   649 | D:1      | Found Veremm's Magic Scroll Boutique.
   672 | D:1      | Bought a scroll of blinking for 75 gold pieces
   672 | D:1      | Bought a scroll of teleportation for 30 gold pieces
   770 | D:1      | Found a faded altar of an unknown god.
   837 | D:2      | Reached skill level 1 in Fighting
   938 | D:2      | Reached XP level 3. HP: 18/18 MP: 6/6
  1197 | D:2      | You fall into a shaft and drop 2 floors!
  1290 | D:4      | Found a radiant altar of Vehumet.
  1374 | D:4      | Noticed a scorpion
  1421 | D:4      | Killed a scorpion
  1422 | D:4      | Reached XP level 4. HP: 22/22 MP: 7/7
  1548 | D:4      | Reached XP level 5. HP: 26/26 MP: 8/8
  1589 | D:3      | Found a glowing drain.
  1853 | Sewer    | Entered a sewer
  1927 | Sewer    | Slain by a kobold brigand

Illustrated notes

Levels and vault maps discovered:
D:1:      roderic_dead_forest, layout_rooms, chequers_ecumenical_altar_twisty,
          serial_shops, shop, shop, nicolae_shop_stone, shop_statue, shop_coins
D:2:      layout_basic, hangedman_decor_clover_reticule,
          kennysheep_cluttered_room, st_stairs_12, minmay_nonomino_d4
D:3:      layout_basic, portal_sewer_entry_f
D:4:      layout_loops_ring, yredelemnul_altar_generic,
          mainiacjoe_overflow_surrounded_room, mainiacjoe_overflow_chevrons,
          minmay_temple_entry_nine_rooms, serial_shops, shop
Sewer:    kennysheep_pipe_town

Skill      XL: |  1  2  3 |
---------------+----------+-----
Stealth        | 1 2 4 |  4.6
Hexes          | 4 |  4.0
Fighting       | 1 |  1.8
Ranged Weapons | 3 |  3.6
Dodging        | |  2.6
Spellcasting   | |  1.3

Action                   |  1- 3 |  4- 6 || total
-------------------------+-------+-------++-------
 Fire: Sling             |   126 |    74 ||   200
 Cast: Slow              |     3 |     3 ||     6
  Use: Scroll            |     3 |       ||     3
Armor: Robe              |     4 |     1 ||     5
Dodge: Dodged            |    35 |    11 ||    46
